 Dungeon Crawl Stone Soup version 0.24.0-35-gdb84b6a5db (webtiles) character file.

Game seed: 11201605838684144171, levelgen mode: deterministic

1069 Nattfarinn the Transmogrifier (level 8, 0/76 HPs)
             Began as a Naga Transmuter on Nov 20, 2019.
             Was a Believer of Cheibriados.
             Slain by a gnoll sergeant
             ... wielding a +2 trident of venom
              (11 damage)
             ... on level 5 of the Dungeon.
             The game lasted 00:14:41 (5539 turns).

Nattfarinn the Transmogrifier (Naga Transmuter)     Turns: 5539, Time: 00:14:41

Health: 0/76       AC:  6    Str: 22    XL:     8   Next: 28%
Magic:  11/11      EV: 10    Int: 19    God:    Cheibriados [**....]
Gold:   166        SH:  0    Dex: 16    Spells: 3/11 levels left

rFire    x . .     SeeInvis +     - Unarmed
rCold    + + +     Gourm    .   (shield currently unavailable)
rNeg     . . .     Faith    .   (armour currently unavailable)
rPois    +         Spirit   .   (helmet currently unavailable)
rElec    .         Reflect  .   (cloak currently unavailable)
rCorr    +         Harm     .   (gloves currently unavailable)
MR       +....                  (no barding)
Stlth    +.........             r - amulet of magic regeneration
HPRegen  0.22/turn              u - ring of wizardry
MPRegen  0.37/turn              c - ring of resist corrosion

@: mighty, ice-form (expiring), very slow
A: large, see invisible, slow metabolism 1, spit poison 1, AC +2
a: Spit Poison, End Transformation, Bend Time, Renounce Religion


You were on level 5 of the Dungeon.
You worshipped Cheibriados.
Cheibriados was pleased with you.
You were hungry.
You were a creature of crystalline ice.
You visited 1 branch of the dungeon, and saw 5 of its levels.

You collected 166 gold pieces.

Inventory:

Hand Weapons
 h - a +3 short sword
 t - a +1 vampiric dagger (melded)
Missiles
 a - 57 arrows
Armour
 b - a +0 robe
 m - a +0 helmet (melded)
 q - a +0 pair of gloves (melded)
 x - quicksilver dragon scales (melded)
Jewellery
 c - a ring of resist corrosion (right front paw)
 r - an amulet of magic regeneration (around neck)
 u - a ring of wizardry (left front paw)
Scrolls
 e - a scroll of enchant weapon
 f - 4 scrolls of fear
 g - a scroll of fog {unknown}
 o - a scroll of teleportation {unknown}
 p - a scroll of blinking {unknown}
 s - a scroll of magic mapping {unknown}
 v - a scroll of remove curse {unknown}
 z - a scroll of immolation {unknown}
 B - a scroll of enchant armour
Potions
 i - a potion of resistance
 j - a potion of lignification
 k - a potion of heal wounds {unknown}
 l - a potion of brilliance
 n - a potion of magic {unknown}
 A - a potion of cancellation
 C - a potion of degeneration {unknown}
Comestibles
 d - 12 rations


   Skills:
 - Level 1.0 Fighting
 - Level 1.5 Dodging
 - Level 3.0 Unarmed Combat
 - Level 2.0 Spellcasting
 * Level 8.3 Transmutations
 + Level 6.3 Poison Magic


You had 3 spell levels left.
You knew the following spells:

 Your Spells              Type           Power        Failure   Level  Hunger
a - Beastly Appendage     Tmut           ####..       1%          1    #......
b - Spider Form           Tmut/Pois      ####......   1%          3    ###....
c - Ice Form              Ice/Tmut       ###.....     12%         4    #####..

Your spell library contained the following spells:

 Spells                   Type           Power        Failure   Level  Hunger
 Sticks to Snakes         Tmut           ####....     1%          2    ###....
 Blade Hands              Tmut           ####......   6%          5    ######.


Dungeon Overview and Level Annotations

Branches:
Dungeon (5/15)             Temple (0/1) D:4

Altars:
Cheibriados
Elyvilon
Qazlal
Ru
Uskayaw
Vehumet
Xom
Yredelemnul

Shops:
D:4 :


Innate Abilities, Weirdness & Mutations

You cannot wear boots.
((Your serpentine skin is tough. (AC +2)))
You have supernaturally acute eyesight. (SInv)
((Armour fits poorly on your strangely shaped body.))
((Your system is resistant to poisons. (rPois)))
((You cover ground very slowly.))
You have a slow metabolism.
You can spit poison.


Message History

The gnoll sergeant blocks your attack.
The gnoll sergeant is lightly wounded.
The gnoll sergeant hits you but does no damage.
Okay, then.
Press: ? - help, Shift-Dir - straight line, f - gnoll sergeant
Aim: a gnoll sergeant, wielding a +2 trident of venom, wearing a +0 ring mail and wearing a cursed +0 buckler (lightly wounded)
The gnoll sergeant blocks the splash of poison.
You are feeling hungry.
The gnoll sergeant hits you with a +2 trident of venom!
* * * LOW HITPOINT WARNING * * *
You feel very mighty all of a sudden.
The gnoll sergeant hits you with a +2 trident of venom!
* * * LOW HITPOINT WARNING * * *
The gnoll sergeant blocks your attack.
The gnoll sergeant is lightly wounded.
You barely miss the gnoll sergeant.
The gnoll sergeant is lightly wounded.
You have got your breath back.
The gnoll sergeant hits you with a +2 trident of venom!
You die...

#.......#
#.#...#..##.#.#..#...
#.#.....#
##........##..........
#.#.....#
#.........####.#..###
.....######.......#.####.#
...
#.#.............#.#......#
.
..#.###..##..##.#.#.#######
###.............^)..).....#
#..#>...#..##.#.#.#####.#
#..#.........gY.#.#
#.......#....)###.#
#.......#..... ..#
#.##.##.#####.# ### #. .#
#. .. .. ..


You could see a gnoll sergeant.

Vanquished Creatures
  Duvessa (D:4)
  3 phantoms
  Dowan (D:4)
  A scorpion (D:4)
  A centaur skeleton (D:2)
  2 hounds (D:4)
  2 orc priests (D:4)
  A gnoll shaman (D:4)
  2 orc wizards (D:3)
  An iguana (D:4)
  3 worker ants
  A worker ant zombie (D:5)
  Robin (D:4)
  10 gnolls
  6 adders
  2 oozes
  An adder skeleton (D:4)
  A dart slug (D:3)
  A leopard gecko (D:4)
  6 orcs
  A ball python (D:1)
  3 giant cockroaches
  13 goblins
  13 hobgoblins
  7 jackals
  2 quokkas
  4 bats
  3 frilled lizards
  12 kobolds
  A leopard gecko skeleton (D:4)
  A quokka skeleton (D:4)
  9 rats
116 creatures vanquished.

Notes
Turn   | Place    | Note
-------+----------+-------------------------------------------
     0 | D:1      | Nattfarinn the Naga Transmuter began the quest for the Orb.
     0 | D:1      | Reached XP level 1. HP: 18/18 MP: 3/3
   355 | D:1      | Reached XP level 2. HP: 25/25 MP: 3/5
   487 | D:1      | Reached skill level 3 in Transmutations
   838 | D:2      | Reached XP level 3. HP: 7/31 MP: 6/6
  1176 | D:2      | Reached skill level 4 in Transmutations
  1371 | D:2      | Learned a level 3 spell: Spider Form
  1465 | D:2      | Reached XP level 4. HP: 33/38 MP: 7/7
  1573 | D:2      | Reached skill level 1 in Poison Magic
  2229 | D:3      | Reached XP level 5. HP: 43/44 MP: 8/8
  2235 | D:3      | Learned a level 4 spell: Ice Form
  2519 | D:3      | Found a basalt altar of Yredelemnul.
  2664 | D:3      | Noticed a phantom
  2701 | D:3      | Killed a phantom
  2701 | D:3      | Reached skill level 5 in Transmutations
  2824 | D:3      | Reached XP level 6. HP: 46/51 MP: 7/9
  2995 | D:3      | Found a snail-covered altar of Cheibriados.
  2999 | D:3      | Became a worshipper of Cheibriados the Contemplative
  3002 | D:3      | Found a stormy altar of Qazlal.
  3003 | D:3      | Found a radiant altar of Vehumet.
  3003 | D:3      | Found a sacrificial altar of Ru.
  3006 | D:3      | Found a shimmering altar of Xom.
  3007 | D:3      | Found a hide-covered altar of Uskayaw.
  3224 | D:3      | Found a white marble altar of Elyvilon.
  3373 | D:4      | Noticed a phantom
  3428 | D:4      | Killed a phantom
  3428 | D:4      | Reached skill level 6 in Transmutations
  4007 | D:4      | Reached XP level 7. HP: 54/57 MP: 8/10
  4080 | D:4      | Found Popreu Opse's Book Shoppe.
  4327 | D:4      | Found a staircase to the Ecumenical Temple.
  4502 | D:4      | Noticed Robin
  4511 | D:4      | Reached * piety under Cheibriados
  4520 | D:4      | Killed Robin
  4733 | D:4      | Reached skill level 7 in Transmutations
  4773 | D:4      | Noticed Duvessa
  4773 | D:4      | Noticed Dowan
  4785 | D:4      | Killed Duvessa
  4785 | D:4      | Reached skill level 5 in Poison Magic
  4790 | D:4      | Killed Dowan
  4982 | D:4      | Reached XP level 8. HP: 64/64 MP: 8/11
  5397 | D:5      | Entered Level 5 of the Dungeon
  5428 | D:5      | Reached skill level 8 in Transmutations
  5472 | D:5      | Reached ** piety under Cheibriados
  5539 | D:5      | Slain by a gnoll sergeant

Levels and vault maps discovered:
D:1:      sevenhm_arrival_forest_fort_small_4, layout_basic
D:2:      cheibrodos_old_hovel, layout_loops_cross
D:3:      layout_basic, lemuel_round_altar, lemuel_coloured_pillars_altar,
          minitemple, first_ration, kennysheep_boxes
D:4:      layout_loops_corners, minmay_temple_entry_grid, serial_shops, shop,
          uniq_duvessa, uniq_robin
D:5:      layout_loops_cross, dk_noncrumbling_2, minmay_manual_mail

Skill      XL: |  1  2  3  4  5  6  7  8 |
---------------+-------------------------+-----
Transmutations | 3 4 5 6 7 8 |  8.3
Poison Magic   | 1 3 4 5 6 |  6.3
Fighting       | |  1.0
Dodging        | |  1.5
Unarmed Combat | |  3.0
Spellcasting   | |  2.0

Action                   |  1- 3 |  4- 6 |  7- 9 || total
-------------------------+-------+-------+-------++-------
Melee: Unarmed           |    21 |    76 |   107 ||   204
       Headbutt          |     3 |       |       ||     3
       Short sword       |    71 |    36 |       ||   107
       Punch             |     1 |     1 |     1 ||     3
       Dagger            |       |   180 |    24 ||   204
 Cast: Beastly Appendage |     5 |       |       ||     5
       Spider Form       |       |     6 |     6 ||    12
       Ice Form          |       |     2 |     6 ||     8
Invok: Bend Time         |       |     1 |       ||     1
 Abil: Spit Poison       |     4 |       |     1 ||     5
  Use: Scroll            |       |     3 |     2 ||     5
       Potion            |       |     8 |     1 ||     9
 Stab: Sleeping          |     1 |     2 |     1 ||     4
  Eat: Chunk             |     1 |     9 |     5 ||    15
Armor: Robe              |     7 |    35 |       ||    42
       Skin              |       |    46 |    17 ||    63
       Quicksilver drago |       |    35 |     7 ||    42
Dodge: Dodged            |    52 |   157 |    71 ||   280
